 Dungeon Crawl Stone Soup version 0.22-b1-59-g0aedee734a (webtiles) character file.

84 Kirk the Chopper (level 4, -4/33 HPs)
             Began as a Demonspawn Gladiator on Aug 10, 2018.
             Slain by Natasha (6 damage)
             ... on level 2 of the Dungeon.
             The game lasted 00:01:45 (926 turns).

Kirk the Chopper (Demonspawn Gladiator)              Turns: 926, Time: 00:01:46

Health: -4/33      AC:  9    Str: 15    XL:     4   Next: 24%
Magic:  4/4        EV: 12    Int: 10    God:
Gold:   55         SH:  0    Dex: 14    Spells: 3/3 levels left

rFire    . . .     SeeInvis .   a - +0 war axe
rCold    . . .     Gourm    .   (no shield)
rNeg     . . .     Faith    .   i - +0 scale mail
rPois    .         Spirit   .   c - +0 helmet
rElec    .         Reflect  .   (no cloak)
rCorr    .         Harm     .   (no gloves)
MR       .....                  (no boots)
Stlth    ..........             (no amulet)
HPRegen  0.11/turn              j - +2 ring of evasion
MPRegen  0.09/turn              m - +2 ring of protection

@: slowed, very slow
A: talons 2, rot immunity
a: no special abilities


You were on level 2 of the Dungeon.
You were not hungry.

You visited 1 branch of the dungeon, and saw 2 of its levels.

You collected 55 gold pieces.

Inventory:

Hand Weapons
 a - a +0 war axe (weapon)
Missiles
 d - 2 throwing nets (quivered)
Armour
 c - a +0 helmet (worn)
 i - a +0 scale mail (worn)
Jewellery
 j - a +2 ring of evasion (left hand)
 m - a +2 ring of protection (right hand)
 t - a +4 amulet of reflection {unknown}
Scrolls
 h - a scroll of enchant armour {unknown}
 l - a scroll of blinking {unknown}
 n - 2 scrolls of teleportation {unknown}
 o - 3 scrolls of identify {unknown}
 q - 2 scrolls of remove curse {unknown}
 s - a scroll of magic mapping {unknown}
Potions
 b - a potion of experience {unknown}
 e - 4 potions of curing {unknown}
 g - a potion of brilliance {unknown}
 k - a potion of haste {unknown}
 p - a potion of agility {unknown}
Comestibles
 f - 7 rations
 r - a chunk of flesh


   Skills:
 - Level 2.0 Fighting
 + Level 4.6 Axes
 - Level 1.7 Throwing
 + Level 0.3 Armour
 - Level 2.6 Dodging


You had 3 spell levels left.
You didn't know any spells.
Your spell library was empty.

Dungeon Overview and Level Annotations

Branches:
Dungeon (2/15)

Altars:
Makhleb
Uskayaw

Annotations:
D:2 Natasha, Robin


Innate Abilities, Weirdness & Mutations

You have razor-sharp toenails.
You are immune to rotting.


Message History

Natasha is severely wounded.
Natasha zaps a wand.
The puff of flame hits you!
* * * LOW HITPOINT WARNING * * *
Natasha zaps a wand.
The puff of flame hits you!
* * * LOW HITPOINT WARNING * * *
You are too injured to fight recklessly!
You are too injured to fight recklessly!
Unknown command.
You closely miss Natasha.
Natasha is severely wounded.
Natasha zaps a wand.
The puff of flame hits you!
* * * LOW HITPOINT WARNING * * *
Natasha claws you.
* * * LOW HITPOINT WARNING * * *
Unknown command.
Unknown command.
You barely miss Natasha. You claw Natasha.
Natasha is almost dead.
Natasha claws you.
You die...

#.......#.....### ##.
#....##.#.......# #.
#..####.#.....#.# #.
#.......###.###.#
###.
##........#...#.#
#... #..#####.......#
#.## #..#####.#.#.#.#
#.#
#...h.##.#.....####.#
#@..(...........#
####.###.#.######
.....###.#.#
###.......# ###..)###
#.##### ### ##.###..
..# #...##.# #.#
#...##.#####.#


You could see Natasha.

Vanquished Creatures
  A hound (D:2)
  2 adders (D:2)
  A leopard gecko (D:1)
  3 giant cockroaches
  6 goblins
  7 hobgoblins
  2 jackals (D:1)
  4 bats (D:1)
  A frilled lizard (D:1)
  4 kobolds
  2 rats
33 creatures vanquished.

Notes
Turn   | Place    | Note
-------+----------+-------------------------------------------
     0 | D:1      | Kirk the Demonspawn Gladiator began the quest for the Orb.
     0 | D:1      | Reached XP level 1. HP: 16/16 MP: 1/1
   108 | D:1      | Reached skill level 3 in Axes
   278 | D:1      | Gained mutation: You have sharp toenails. [demonic ancestry]
   278 | D:1      | Reached XP level 2. HP: 22/22 MP: 2/2
   646 | D:2      | Found a hide-covered altar of Uskayaw.
   667 | D:2      | Found a burning altar of Makhleb.
   678 | D:2      | Reached skill level 4 in Axes
   678 | D:2      | Gained mutation: You have razor-sharp toenails. [demonic ancestry]
   678 | D:2      | Reached XP level 3. HP: 26/27 MP: 3/3
   725 | D:2      | Gained mutation: You are immune to rotting. [demonic ancestry]
   725 | D:2      | Reached XP level 4. HP: 29/33 MP: 4/4
   728 | D:2      | Noticed Robin
   913 | D:2      | Noticed Natasha
   926 | D:2      | Slain by Natasha

Skill      XL: |  1  2 |
---------------+-------+-----
Axes           | 3 4 |  4.6
Fighting       | |  2.0
Throwing       | |  1.7
Armour         | |  0.3
Dodging        | |  2.6

Action                   |  1- 3 |  4- 6 || total
-------------------------+-------+-------++-------
Melee: War axe           |    45 |    21 ||    66
       Kick              |    15 |     5 ||    20
Throw: Throwing net      |     2 |       ||     2
Armor: Scale mail        |    28 |     4 ||    32
       Leather armour    |     1 |       ||     1
Dodge: Dodged            |    24 |    11 ||    35
